 Dungeon Crawl Stone Soup version 0.23.2 (webtiles) character file.

Game seed: 3987311213912023218

65 Leeroy the Conjurer (level 3, -3/26 HPs)
             Began as a Draconian Conjurer on Apr 13, 2019.
             Was an Initiate of Vehumet.
             Killed from afar by an orc wizard (7 damage)
             ... with a magic dart
             ... on level 3 of the Dungeon.
             The game lasted 00:05:08 (1498 turns).

Leeroy the Conjurer (Draconian Conjurer)            Turns: 1498, Time: 00:05:09

Health: -3/26      AC:  5    Str: 10    XL:     3   Next: 92%
Magic:  1/6        EV: 17    Int: 16    God:    Vehumet [......]
Gold:   168        SH:  0    Dex: 16    Spells: 0/6 levels left

rFire    . . .     SeeInvis .   d - +0 falchion
rCold    . . .     Gourm    .   (no shield)
rNeg     . . .     Faith    .   (armour unavailable)
rPois    .         Spirit   .   (helmet restricted)
rElec    .         Reflect  .   (no cloak)
rCorr    .         Harm     .   (no gloves)
MR       .....                  (no boots)
Stlth    +++.......             (no amulet)
HPRegen  0.08/turn              (no ring)
MPRegen  0.10/turn              (no ring)

@: agile, slowed, very slow
A: unfitting armour, cold-blooded, AC +5
a: Renounce Religion


You were on level 3 of the Dungeon.
You worshipped Vehumet.
Vehumet was noncommittal.
You were not hungry.

You visited 1 branch of the dungeon, and saw 3 of its levels.

You collected 168 gold pieces.

Inventory:

Hand Weapons
 d - a +0 falchion (weapon)
 f - a +0 short sword
 j - a +0 club
Missiles
 i - 20 bolts
 k - 36 arrows
 m - 23 stones (quivered)
 p - 20 sling bullets
Scrolls
 a - a scroll of immolation {unknown}
 c - a scroll of enchant armour {unknown}
 e - a scroll of remove curse {unknown}
 h - 5 scrolls of identify {unknown}
 n - a scroll of amnesia {unknown}
 o - a scroll of enchant weapon {unknown}
 r - a scroll of blinking {unknown}
Potions
 l - a potion of resistance {unknown}
Comestibles
 b - 5 rations
 q - 2 chunks of flesh


   Skills:
 - Level 0.1(1.1) Short Blades
 * Level 1.9 Long Blades
 - Level 1.7 Dodging
 - Level 1.7 Stealth
 - Level 2.1 Spellcasting
 - Level 5.0 Conjurations


You couldn't memorise any spells.
You knew the following spells:

 Your Spells              Type           Power        Failure   Level  Hunger
a - Magic Dart            Conj           ###.         2%          1    #......
b - Searing Ray           Conj           ###...       4%          2    ###....
c - Dazzling Spray        Conj/Hex       #.....       22%         3    ###....

Your spell library contained the following spells:

 Spells                   Type           Power        Failure   Level  Hunger
 Iskenderun's Mystic Bla  Conj           ###.....     26%         4    #####..
 Force Lance              Conj/Tloc      #.......     58%         4    #####..
 Fulminant Prism          Conj/Hex       #.........   58%         4    #####..


Dungeon Overview and Level Annotations

Branches:
Dungeon (3/15)

Altars:
Vehumet


Innate Abilities, Weirdness & Mutations

Your plain brown scales are hard. (AC +5)
You cannot fit into any form of body armour.
You are cold-blooded and may be slowed by cold attacks.


Message History

The orc wizard is almost dead.
You barely miss the orc wizard.
The orc wizard is almost dead.
The orc wizard closely misses you.
The orc wizard casts a spell.
The orc wizard blinks!
An orc comes into view.
The orc wizard mumbles some strange words.
The orc wizard blinks!
You closely miss the orc wizard.
The orc wizard is almost dead.
The orc completely misses you.
The orc wizard points at you and mumbles some strange words.
You feel yourself slow down.
Okay, then.
It was a potion of agility.
You feel agile all of a sudden. The orc wizard casts a spell at you.
The magic dart hits you!
You die...

#########.# #### ##..#
#.........##### #. ....## #.#
#.........# #. ##...###.#
#.###.###.# #.
##.....##.###.###.# #.# #.
##.......#.##......# #.# #.
###..................###.###.
.'........o..............÷÷.
#...o....o@............###.
##.......##.......#######..
##.....###.......# #.#
##...## #.#...#.# #.# ##'##
#.......# ##.# #[# #####.###
#... #o# .# #.÷# ........# #
#..# ######... ####


You could see an orc wizard and 2 orcs.

Vanquished Creatures
  2 adders (D:2)
  An ooze (D:3)
  A worm (D:2)
  A leopard gecko (D:1)
  An orc (D:3)
  A ball python (D:2)
  2 giant cockroaches
  8 hobgoblins
  A quokka (D:2)
  6 bats
  2 frilled lizards (D:1)
  5 goblins (D:1)
  2 kobolds (D:1)
  5 rats
38 creatures vanquished.

Notes
Turn   | Place    | Note
-------+----------+-------------------------------------------
     0 | D:1      | Leeroy the Draconian Conjurer began the quest for the Orb.
     0 | D:1      | Reached XP level 1. HP: 14/14 MP: 3/3
   252 | D:1      | Reached XP level 2. HP: 14/20 MP: 3/5
   258 | D:1      | Learned a level 2 spell: Searing Ray
   698 | D:2      | Reached XP level 3. HP: 20/26 MP: 3/6
   747 | D:2      | Reached skill level 5 in Conjurations
   859 | D:2      | Reached skill level 1 in Long Blades
  1051 | D:2      | Found a radiant altar of Vehumet.
  1063 | D:2      | Became a worshipper of Vehumet
  1468 | D:3      | Learned a level 3 spell: Dazzling Spray
  1498 | D:3      | Killed from afar by an orc wizard

Skill      XL: |  1  2  3 |
---------------+----------+-----
Conjurations   | 5 |  5.0
Long Blades    | 1 |  1.9
Short Blades   | |  0.1
Dodging        | |  1.7
Stealth        | |  1.7
Spellcasting   | |  2.1

Action                   || total
-------------------------++-------
Melee: Unarmed           ||     9
       Tailslap          ||     7
       Club              ||    26
       Short sword       ||    13
       Falchion          ||    27
 Cast: Magic Dart        ||    39
       Searing Ray       ||     8
       Dazzling Spray    ||     1
  Use: Potion            ||     2
  Eat: Chunk             ||     3
Armor: Skin              ||    23
Dodge: Dodged            ||    72
       Rpst.: Falchion   ||     7
